General information
- name: BNet
- type: Ladder team game (AT/RT)
- host: Battle.net
- saver: CalmLikeABomb
map: TwilightRuins
- players: 8
- length: 48:53
- speed: Fast
- version: 1.26 W3XP
- replay type: Public
» download(307 KB)
Players
team 1 (loser)

»
Baskee (
yellow | 60 APM | 1994 actions | 33:23)
7 Dark Ranger
3 Black Arrow
3 Silence
1 Charm
1 Keeper of the Grove
1 Entangling Roots
» actions
| Basic commands | 41 | |
| Build / train | 94 | |
| Enter build submenu | 18 | |
| Enter hero's abilities submenu | 8 | |
| Right click | 1121 | |
| Select / deselect | 657 | |
| Use ability | 55 | |
1994 total
» units
| Wisp | 18 | |
| Archer | 22 | |
| Druid of the Talon | 7 | |
| Hippogryph | 24 | |
71 total
» upgrades
| Improved Bows | 1 | |
| Nature's Blessing | 1 | |
| Strength of the Moon | 1 | |
| Hippogryph Taming | 1 | |
| Druid of the Talon Training | 2 | |
| Strength of the Wild | 1 | |
7 total
» buildings
| Altar of Elders | 1 | |
| Moon Well | 6 | |
| Ancient of War | 2 | |
| Tree of Ages | 1 | |
| Tree of Life | 4 | |
| Hunter's Hall | 1 | |
| Ancient of Wonders | 1 | |
| Ancient of Wind | 3 | |
19 total
» build order
00:21 Altar of Elders
00:36 Moon Well
01:00 Ancient of War
01:39 Ancient of War
02:02 Moon Well
02:25 Moon Well
05:03 Tree of Ages
05:54 Tree of Life
05:55 Tree of Life
06:01 Moon Well
07:09 Hunter's Hall
07:19 Ancient of Wonders
08:15 Ancient of Wind
08:17 Ancient of Wind
13:18 Tree of Life
15:15 Tree of Life
16:00 Ancient of Wind
16:26 Moon Well
17:15 Moon Well
» items
| Scroll of Town Portal | 4 | |
| Potion of Lesser Invulnerability | 1 | |
5 total
ROBERT-BARATHEO (
red | 71 APM | 3450 actions | 48:50)
7 Blademaster
3 Wind Walk
3 Critical Strike
1 Bladestorm
1 Naga Sea Witch
1 Forked Lightning
1 Shadow Hunter
1 Hex
» actions
| Assign group hotkey | 113 | |
| Basic commands | 100 | |
| Build / train | 81 | |
| Enter build submenu | 34 | |
| Enter hero's abilities submenu | 9 | |
| Give item / drop item | 8 | |
| Remove unit from queue | 2 | |
| Right click | 1263 | |
| Select / deselect | 370 | |
| Select group hotkey | 1274 | |
| Use ability | 196 | |
3450 total
» units
| Peon | 17 | |
| Grunt | 2 | |
| Goblin Shredder | 1 | |
| Wind Rider | 12 | |
| Goblin Sapper | 3 | |
| Troll Batrider | 5 | |
40 total
» upgrades
| Reinforced Defenses | 1 | |
| Ranged Weapons | 2 | |
| Armor | 2 | |
| Envenomed Spears | 2 | |
| Liquid Fire | 1 | |
8 total
» buildings
| Altar of Storms | 2 | |
| Orc Burrow | 7 | |
| Barracks | 1 | |
| Voodoo Lounge | 1 | |
| Stronghold | 4 | |
| Great Hall | 6 | |
| War Mill | 2 | |
| Fortress | 1 | |
| Beastiary | 3 | |
| Watch Tower | 36 | |
63 total
» build order
00:10 Altar of Storms
00:22 Orc Burrow
00:37 Barracks
01:24 Orc Burrow
01:56 Voodoo Lounge
02:54 Stronghold
03:32 Orc Burrow
04:01 Great Hall
05:03 Orc Burrow
05:11 War Mill
06:09 Fortress
06:21 Beastiary
06:50 Beastiary
07:32 Watch Tower
07:32 Watch Tower
07:33 Watch Tower
07:56 Beastiary
08:09 Watch Tower
08:09 Watch Tower
09:32 Orc Burrow
10:23 Watch Tower
10:24 Watch Tower
10:25 Watch Tower
10:26 Watch Tower
10:28 Watch Tower
11:33 Orc Burrow
15:21 Watch Tower
15:21 Watch Tower
15:22 Watch Tower
15:22 Watch Tower
16:16 Watch Tower
16:16 Watch Tower
18:07 Watch Tower
18:07 Watch Tower
18:07 Watch Tower
22:29 Great Hall
24:29 Watch Tower
24:30 Watch Tower
24:30 Watch Tower
24:31 Watch Tower
24:32 Watch Tower
24:32 Watch Tower
24:50 Watch Tower
32:14 Orc Burrow
34:53 Great Hall
35:06 War Mill
38:37 Great Hall
44:03 Stronghold
44:51 Great Hall
45:03 Great Hall
45:41 Altar of Storms
46:06 Watch Tower
46:06 Watch Tower
46:06 Watch Tower
47:10 Watch Tower
47:10 Watch Tower
47:10 Watch Tower
47:11 Watch Tower
47:12 Watch Tower
47:12 Watch Tower
47:12 Watch Tower
» items
| Healing Salve | 6 | |
| Orb of Lightning | 1 | |
| Scroll of Regeneration | 1 | |
| Scroll of Town Portal | 2 | |
| Staff of Teleportation | 2 | |
| Potion of Lesser Invulnerability | 1 | |
| Lesser Clarity Potion | 1 | |
14 total
Breast.Cancer_ (
purple | 54 APM | 1576 actions | 29:11)
6 Blademaster
3 Wind Walk
2 Critical Strike
1 Bladestorm
» actions
| Assign group hotkey | 61 | |
| Basic commands | 1 | |
| Build / train | 68 | |
| Enter build submenu | 41 | |
| Enter hero's abilities submenu | 6 | |
| Give item / drop item | 5 | |
| Remove unit from queue | 1 | |
| Right click | 527 | |
| Select / deselect | 194 | |
| Select group hotkey | 485 | |
| Use ability | 187 | |
1576 total
» units
| Peon | 17 | |
| Demolisher | 5 | |
| Troll Witch Doctor | 3 | |
| Goblin Shredder | 1 | |
26 total
» upgrades
| Spiked Barricades | 1 | |
| Reinforced Defenses | 1 | |
| Burning Oil | 1 | |
| Ranged Weapons | 1 | |
| Armor | 1 | |
| Witch Doctor Training | 2 | |
| Troll Regeneration | 1 | |
8 total
» buildings
| Altar of Storms | 1 | |
| Orc Burrow | 5 | |
| War Mill | 2 | |
| Voodoo Lounge | 1 | |
| Watch Tower | 80 | |
| Barracks | 2 | |
| Stronghold | 1 | |
| Fortress | 1 | |
| Great Hall | 1 | |
| Spirit Lodge | 1 | |
95 total
» build order
00:23 Altar of Storms
00:27 Orc Burrow
01:11 War Mill
01:25 Voodoo Lounge
01:55 Orc Burrow
02:29 Watch Tower
02:56 Watch Tower
03:11 Watch Tower
03:32 Watch Tower
04:17 Watch Tower
04:23 Barracks
04:38 Watch Tower
05:30 Watch Tower
05:50 Watch Tower
05:51 Watch Tower
05:52 Watch Tower
06:42 Stronghold
06:50 Barracks
07:05 Watch Tower
07:53 Watch Tower
07:55 Watch Tower
07:55 Watch Tower
07:56 Watch Tower
08:42 Watch Tower
08:43 Watch Tower
08:43 Watch Tower
08:44 Watch Tower
08:45 Watch Tower
08:46 Watch Tower
09:33 Fortress
10:16 Watch Tower
10:17 Watch Tower
12:02 Great Hall
12:07 Watch Tower
12:07 Watch Tower
12:08 Watch Tower
12:09 Watch Tower
13:28 Spirit Lodge
13:33 Orc Burrow
13:34 Orc Burrow
15:09 Watch Tower
15:25 Watch Tower
15:46 Watch Tower
15:47 Watch Tower
15:48 Watch Tower
15:48 Watch Tower
15:49 Watch Tower
15:50 Watch Tower
15:50 Watch Tower
15:50 Watch Tower
15:51 Watch Tower
15:51 Watch Tower
15:52 Watch Tower
16:22 Watch Tower
16:23 Watch Tower
18:28 Orc Burrow
19:27 Watch Tower
19:28 Watch Tower
19:28 Watch Tower
19:29 Watch Tower
19:29 Watch Tower
19:30 Watch Tower
20:01 Watch Tower
20:02 Watch Tower
20:03 Watch Tower
20:03 Watch Tower
23:50 Watch Tower
23:50 Watch Tower
23:51 Watch Tower
23:51 Watch Tower
23:52 Watch Tower
23:52 Watch Tower
23:53 Watch Tower
23:53 Watch Tower
23:54 Watch Tower
23:55 Watch Tower
23:55 Watch Tower
23:56 Watch Tower
23:56 Watch Tower
24:01 Watch Tower
24:01 Watch Tower
24:02 Watch Tower
24:03 Watch Tower
24:03 Watch Tower
24:04 Watch Tower
24:05 Watch Tower
24:06 Watch Tower
24:06 Watch Tower
24:07 Watch Tower
24:08 Watch Tower
24:08 Watch Tower
24:09 Watch Tower
24:10 Watch Tower
27:05 War Mill
» items
| Healing Salve | 7 | |
| Lesser Clarity Potion | 7 | |
| Periapt of Vitality | 1 | |
| Orb of Lightning | 1 | |
| Potion of Healing | 2 | |
| Scroll of Town Portal | 1 | |
| Gloves of Haste | 1 | |
| Pendant of Energy | 1 | |
| Potion of Mana | 1 | |
| Ring of Regeneration | 1 | |
| Health Stone | 1 | |
24 total
aungaunga (
blue | 164 APM | 4527 actions | 27:36)
6 Archmage
3 Summon Water Elemental
2 Brilliance Aura
1 Mass Teleport
4 Mountain King
2 Storm Bolt
2 Bash
» actions
| Assign group hotkey | 552 | |
| Basic commands | 43 | |
| Build / train | 89 | |
| Enter build submenu | 22 | |
| Enter hero's abilities submenu | 11 | |
| Give item / drop item | 1 | |
| Remove unit from queue | 1 | |
| Right click | 1986 | |
| Select / deselect | 578 | |
| Select group hotkey | 1130 | |
| Use ability | 114 | |
4527 total
» units
| Peasant | 15 | |
| Footman | 7 | |
| Rifleman | 16 | |
| Priest | 3 | |
| Sorceress | 5 | |
46 total
» upgrades
| Defend | 1 | |
| Gunpowder | 2 | |
| Long Rifles | 1 | |
| Lumber Harvesting | 1 | |
| Priest Training | 0 | |
| Sorceress Training | 2 | |
| Armor | 1 | |
| Flak Cannons | 1 | |
| Masonry | 2 | |
11 total
» buildings
| Altar of Kings | 1 | |
| Barracks | 1 | |
| Farm | 11 | |
| Scout Tower | 1 | |
| Arcane Tower | 1 | |
| Arcane Vault | 1 | |
| Lumber Mill | 1 | |
| Keep | 1 | |
| Blacksmith | 1 | |
| Town Hall | 1 | |
| Castle | 1 | |
| Arcane Sanctum | 2 | |
| Workshop | 1 | |
24 total
» build order
00:10 Altar of Kings
00:20 Barracks
00:36 Farm
00:51 Farm
01:32 Farm
01:44 Scout Tower
01:58 Farm
02:15 Arcane Tower
03:50 Arcane Vault
04:29 Lumber Mill
04:59 Keep
05:12 Blacksmith
05:17 Farm
05:18 Farm
08:32 Town Hall
11:18 Castle
11:28 Arcane Sanctum
11:30 Arcane Sanctum
12:00 Farm
12:02 Farm
16:29 Farm
16:29 Farm
16:32 Farm
16:35 Workshop
» items
| Scroll of Regeneration | 2 | |
| Scroll of Town Portal | 2 | |
| Potion of Lesser Invulnerability | 2 | |
| Orb of Fire | 1 | |
| Potion of Healing | 1 | |
| Boots of Speed | 1 | |
| Staff of Teleportation | 1 | |
| Healing Salve | 1 | |
| Circlet of Nobility | 1 | |
12 total
team 2 (winner)
noobirt (
green | 76 APM | 3667 actions | 48:30)
6 Blademaster
3 Wind Walk
3 Critical Strike
4 Shadow Hunter
2 Hex
2 Healing Wave
» actions
| Assign group hotkey | 13 | |
| Basic commands | 5 | |
| Build / train | 124 | |
| ESC pressed | 5 | |
| Enter build submenu | 30 | |
| Enter hero's abilities submenu | 11 | |
| Give item / drop item | 1 | |
| Remove unit from queue | 1 | |
| Right click | 1865 | |
| Select / deselect | 447 | |
| Select group hotkey | 972 | |
| Use ability | 193 | |
3667 total
» units
| Peon | 22 | |
| Grunt | 9 | |
| Troll Witch Doctor | 8 | |
| Wind Rider | 6 | |
| Troll Batrider | 1 | |
| Gryphon Rider | 1 | |
| Spirit Walker | 2 | |
| Shaman | 3 | |
| Peasant | 6 | |
58 total
» upgrades
| Pillage | 1 | |
| Armor | 3 | |
| Melee Weapons | 2 | |
| Berserker Strength | 1 | |
| Witch Doctor Training | 2 | |
| Ranged Weapons | 3 | |
| Envenomed Spears | 1 | |
| Spirit Walker Training | 2 | |
| Reinforced Defenses | 1 | |
| Burning Oil | 1 | |
| Shaman Training | 2 | |
19 total
» buildings
| Altar of Storms | 1 | |
| Orc Burrow | 7 | |
| Voodoo Lounge | 1 | |
| Barracks | 1 | |
| War Mill | 1 | |
| Great Hall | 2 | |
| Watch Tower | 8 | |
| Stronghold | 1 | |
| Spirit Lodge | 2 | |
| Fortress | 1 | |
| Beastiary | 2 | |
| Workshop | 4 | |
31 total
» build order
00:11 Altar of Storms
00:18 Orc Burrow
00:47 Voodoo Lounge
01:22 Barracks
01:42 Orc Burrow
02:43 War Mill
05:03 Great Hall
05:14 Watch Tower
05:29 Orc Burrow
06:24 Stronghold
06:51 Watch Tower
07:54 Watch Tower
08:27 Watch Tower
08:37 Orc Burrow
09:04 Watch Tower
10:03 Spirit Lodge
11:21 Fortress
12:09 Watch Tower
12:19 Orc Burrow
13:38 Beastiary
13:43 Beastiary
23:08 Spirit Lodge
26:52 Watch Tower
26:57 Watch Tower
33:27 Orc Burrow
33:29 Orc Burrow
41:18 Workshop
41:20 Workshop
41:47 Workshop
42:18 Workshop
45:52 Great Hall
» items
| Healing Salve | 5 | |
| Lesser Clarity Potion | 7 | |
| Scroll of Speed | 3 | |
| Scroll of Protection | 3 | |
| Scroll of Healing | 2 | |
| Orb of Lightning | 1 | |
| Scroll of Town Portal | 5 | |
| Potion of Mana | 2 | |
| Potion of Healing | 2 | |
| Tiny Great Hall | 1 | |
31 total

»
Insanely_Shy (
teal | 37 APM | 707 actions | 18:55)
3 Mountain King
2 Storm Bolt
1 Bash
» actions
| Basic commands | 19 | |
| Build / train | 59 | |
| Enter build submenu | 19 | |
| Enter hero's abilities submenu | 3 | |
| Give item / drop item | 2 | |
| Right click | 296 | |
| Select / deselect | 245 | |
| Use ability | 64 | |
707 total
» units
| Peasant | 14 | |
| Footman | 9 | |
| Gryphon Rider | 7 | |
30 total
» upgrades
| Lumber Harvesting | 2 | |
| Storm Hammers | 1 | |
| Swords | 2 | |
| Armor | 1 | |
6 total
» buildings
| Altar of Kings | 1 | |
| Farm | 7 | |
| Barracks | 1 | |
| Lumber Mill | 1 | |
| Arcane Vault | 1 | |
| Blacksmith | 1 | |
| Keep | 2 | |
| Scout Tower | 1 | |
| Guard Tower | 1 | |
| Castle | 2 | |
| Town Hall | 2 | |
| Gryphon Aviary | 2 | |
22 total
» build order
00:07 Altar of Kings
00:23 Farm
00:33 Barracks
01:46 Farm
02:14 Lumber Mill
02:52 Arcane Vault
03:15 Farm
03:27 Farm
04:30 Blacksmith
05:04 Keep
06:03 Farm
06:07 Scout Tower
06:35 Guard Tower
07:33 Castle
07:58 Town Hall
08:10 Gryphon Aviary
08:18 Gryphon Aviary
10:28 Farm
10:35 Farm
18:29 Town Hall
» items
| Lesser Clarity Potion | 1 | |
| Scroll of Regeneration | 3 | |
| Scroll of Town Portal | 5 | |
| Potion of Healing | 1 | |
| Scroll of Speed | 1 | |
11 total
CalmLikeABomb (
pink | 49 APM | 2382 actions | 48:53)
6 Archmage
3 Summon Water Elemental
2 Brilliance Aura
1 Mass Teleport
» actions
| Assign group hotkey | 127 | |
| Basic commands | 178 | |
| Build / train | 120 | |
| Enter build submenu | 64 | |
| Enter hero's abilities submenu | 6 | |
| Give item / drop item | 7 | |
| Remove unit from queue | 2 | |
| Right click | 759 | |
| Select / deselect | 530 | |
| Select group hotkey | 372 | |
| Use ability | 214 | |
2382 total
» units
| Peasant | 15 | |
| Footman | 3 | |
| Goblin Shredder | 1 | |
| Gryphon Rider | 5 | |
| Dragonhawk Rider | 5 | |
| Goblin Sapper | 21 | |
50 total
» upgrades
| Masonry | 3 | |
| Storm Hammers | 1 | |
| Cloud | 1 | |
| Swords | 3 | |
| Armor | 3 | |
| Animal War Training | 1 | |
| Magic Sentry | 1 | |
13 total
» buildings
| Altar of Kings | 1 | |
| Barracks | 1 | |
| Farm | 8 | |
| Scout Tower | 37 | |
| Arcane Vault | 3 | |
| Lumber Mill | 1 | |
| Keep | 1 | |
| Arcane Tower | 2 | |
| Town Hall | 3 | |
| Guard Tower | 22 | |
| Castle | 1 | |
| Gryphon Aviary | 6 | |
| Blacksmith | 2 | |
| Arcane Sanctum | 1 | |
89 total
» build order
00:44 Altar of Kings
00:45 Barracks
00:52 Farm
00:53 Farm
01:06 Farm
01:38 Farm
02:41 Scout Tower
02:58 Arcane Vault
03:08 Lumber Mill
03:44 Keep
03:52 Arcane Tower
04:17 Town Hall
05:00 Scout Tower
05:01 Scout Tower
05:01 Scout Tower
05:46 Scout Tower
05:48 Scout Tower
05:54 Scout Tower
05:57 Guard Tower
06:53 Guard Tower
07:49 Scout Tower
07:50 Scout Tower
07:51 Scout Tower
07:53 Scout Tower
07:55 Scout Tower
08:22 Guard Tower
08:28 Guard Tower
08:33 Castle
10:21 Scout Tower
10:22 Scout Tower
10:23 Scout Tower
10:24 Scout Tower
10:25 Scout Tower
11:02 Guard Tower
11:03 Guard Tower
11:03 Guard Tower
11:09 Guard Tower
11:09 Guard Tower
11:09 Guard Tower
13:19 Gryphon Aviary
13:20 Gryphon Aviary
13:21 Gryphon Aviary
13:22 Gryphon Aviary
13:25 Gryphon Aviary
13:26 Gryphon Aviary
13:31 Scout Tower
13:36 Scout Tower
13:38 Scout Tower
13:39 Scout Tower
13:46 Scout Tower
13:49 Scout Tower
14:11 Guard Tower
14:14 Guard Tower
14:48 Guard Tower
14:54 Farm
14:57 Farm
14:58 Farm
14:59 Farm
17:05 Blacksmith
17:54 Blacksmith
20:26 Town Hall
20:32 Scout Tower
20:34 Scout Tower
20:35 Scout Tower
21:18 Guard Tower
21:20 Scout Tower
21:26 Scout Tower
21:29 Arcane Vault
21:32 Scout Tower
21:34 Scout Tower
21:48 Guard Tower
22:01 Guard Tower
22:03 Guard Tower
22:06 Guard Tower
25:07 Arcane Sanctum
29:07 Scout Tower
29:10 Town Hall
29:12 Scout Tower
29:14 Scout Tower
29:29 Scout Tower
29:34 Scout Tower
29:38 Scout Tower
29:44 Scout Tower
29:47 Guard Tower
30:01 Arcane Vault
30:08 Guard Tower
30:37 Guard Tower
32:27 Arcane Tower
» items
| Scroll of Regeneration | 4 | |
| Scroll of Town Portal | 4 | |
| Potion of Healing | 2 | |
| Mechanical Critter | 4 | |
| Periapt of Vitality | 2 | |
| Potion of Lesser Invulnerability | 2 | |
| Scroll of Healing | 2 | |
| Scroll of Protection | 1 | |
| Staff of Teleportation | 1 | |
22 total

»
Tormentore (
orange | 39 APM | 1905 actions | 48:26)
6 Mountain King
3 Storm Bolt
2 Bash
1 Avatar
» actions
| Basic commands | 14 | |
| Build / train | 200 | |
| Enter build submenu | 39 | |
| Enter hero's abilities submenu | 6 | |
| Give item / drop item | 1 | |
| Remove unit from queue | 2 | |
| Right click | 1107 | |
| Select / deselect | 435 | |
| Use ability | 101 | |
1905 total
» units
| Peasant | 19 | |
| Footman | 8 | |
| Goblin Shredder | 5 | |
| Gryphon Rider | 43 | |
| Knight | 19 | |
94 total
» upgrades
| Plating | 3 | |
| Armor | 3 | |
| Swords | 3 | |
| Storm Hammers | 1 | |
| Animal War Training | 1 | |
11 total
» buildings
| Farm | 10 | |
| Altar of Kings | 1 | |
| Barracks | 1 | |
| Lumber Mill | 1 | |
| Scout Tower | 14 | |
| Guard Tower | 27 | |
| Blacksmith | 1 | |
| Keep | 4 | |
| Arcane Vault | 1 | |
| Castle | 3 | |
| Gryphon Aviary | 2 | |
| Town Hall | 5 | |
| Arcane Tower | 3 | |
| Workshop | 1 | |
74 total
» build order
00:23 Farm
00:39 Altar of Kings
00:54 Barracks
01:04 Farm
01:26 Lumber Mill
01:52 Scout Tower
02:11 Scout Tower
02:23 Farm
02:30 Guard Tower
02:45 Farm
02:48 Guard Tower
02:48 Guard Tower
03:55 Blacksmith
03:57 Keep
03:57 Keep
03:57 Keep
04:01 Farm
04:42 Farm
05:42 Scout Tower
06:44 Arcane Vault
06:45 Guard Tower
07:00 Castle
07:00 Castle
07:09 Gryphon Aviary
07:49 Gryphon Aviary
07:56 Farm
07:59 Farm
08:40 Town Hall
08:45 Scout Tower
10:16 Guard Tower
10:20 Scout Tower
11:23 Guard Tower
12:00 Town Hall
12:10 Town Hall
13:20 Scout Tower
13:46 Guard Tower
13:46 Guard Tower
13:51 Scout Tower
14:31 Guard Tower
15:33 Farm
16:50 Farm
18:39 Scout Tower
19:51 Guard Tower
19:51 Guard Tower
19:54 Scout Tower
20:32 Guard Tower
20:32 Guard Tower
22:46 Scout Tower
23:31 Arcane Tower
23:32 Arcane Tower
26:32 Scout Tower
26:36 Town Hall
28:13 Guard Tower
28:16 Scout Tower
31:09 Guard Tower
31:09 Guard Tower
31:12 Scout Tower
32:27 Guard Tower
32:27 Guard Tower
32:27 Guard Tower
32:34 Scout Tower
35:43 Town Hall
43:24 Workshop
» items
| Potion of Healing | 10 | |
| Scroll of Town Portal | 11 | |
| Orb of Fire | 1 | |
| Scroll of Regeneration | 1 | |
23 total
Chat log
(00:12 / All) CalmLikeABomb: JJ Watt greatest defensive player all time
(00:24 / All) Baskee: who
(00:32 / Allies) Tormentore: i hate defense, I love offense
(00:34 / All) noobirt: i thought you were, sexy pinky
(00:40 / All) CalmLikeABomb: he's the greatest defensive player of all time, as stated
(00:45 / All) Breast.Cancer_: he talking some nigger who cares
(00:45 / All) Baskee: in what
(00:49 / All) CalmLikeABomb: American Foosball
(00:54 / All) Baskee: lol
(01:06 / All) ROBERT-BARATHEO: lawerence taylor
(01:08 / All) ROBERT-BARATHEO: Goat
(01:14 / All) CalmLikeABomb: Nothing to JJ Watt
(01:21 / All) CalmLikeABomb: JJ Watt almost had the sack record as a 3-4 DE
(01:48 / All) Breast.Cancer_: pink you daddie doesnt love you
(02:00 / All) CalmLikeABomb: I don't think that's true
(02:11 / All) Breast.Cancer_: he todl me to tell you his name is mike
(02:12 / All) CalmLikeABomb: Stop calling me Pinkie, I'm the Brain
(02:13 / All) noobirt: im his dad. i love him very much
(02:23 / All) Breast.Cancer_: he say me "son is weak"
(02:36 / All) CalmLikeABomb: I take beefcake 4000 so unlikely story
(04:51 / All) Breast.Cancer_: he say me tell him i not proud because son is weak
(05:26 / All) CalmLikeABomb: wow
(05:38 / All) CalmLikeABomb: baskee is hacker
(05:39 / All) Breast.Cancer_: he say me pink is weak he son i not proud
(05:42 / Allies) noobirt: YEP
(05:43 / All) Baskee: lol
(05:46 / Allies) noobirt: DEFUNUTEKY HACKER
(06:37 / Allies) CalmLikeABomb: tp teal
(07:38 / All) Breast.Cancer_: i died him
(07:40 / Allies) noobirt: OJ, YOU OK THERE?
(07:57 / Allies) CalmLikeABomb: lumber
(08:13 / Allies) CalmLikeABomb: dis gay
(08:16 / Allies) CalmLikeABomb: mass tier 1 faegots
(09:06 / Allies) Insanely_Shy: all tp??
(10:39 / All) Breast.Cancer_: ty for the tip
(10:54 / All) Breast.Cancer_: it right were you said it was
(11:49 / All) Breast.Cancer_: i died him like you said yeollow
(12:24 / Allies) noobirt: WOOD
(12:56 / Allies) Insanely_Shy: can we leave it so can have time to build units?
(14:30 / Allies) CalmLikeABomb: let's kill theioro expos
(16:11 / Allies) noobirt: TY
(16:12 / All) CalmLikeABomb: it wouldn't tp
(16:17 / Allies) CalmLikeABomb: gold
(16:38 / All) Breast.Cancer_: just let it happen teal
(16:55 / All) Breast.Cancer_: he cumging mid you say?
(17:42 / All) aungaunga: ^^
(17:59 / All) Breast.Cancer_: just in time orange
(18:31 / All) CalmLikeABomb: time to die fucker
(19:02 / All) CalmLikeABomb: well
(19:03 / All) Breast.Cancer_: i died him
(19:09 / Allies) noobirt: OUT
(19:39 / Allies) CalmLikeABomb: griff
(21:10 / All) CalmLikeABomb: purple isn't even good this is the most effective he's been with bm ever
(21:13 / All) Baskee: its gg
(21:16 / All) CalmLikeABomb: because of the circumstances of the game
(21:21 / All) Baskee: reds tking
(21:34 / All) Baskee: this whole team is patehitc
(22:31 / All) Breast.Cancer_: me win
(22:57 / Allies) CalmLikeABomb: let's hit yellow
(23:00 / Allies) CalmLikeABomb: all meet
(25:38 / All) Baskee: oj kill red
(25:51 / Allies) CalmLikeABomb: kill purple
(25:52 / All) Baskee: idk i think he needs attention
(25:53 / Allies) CalmLikeABomb: red is a tk
(26:07 / All) Baskee: prolly has no friends or something
(26:13 / All) ROBERT-BARATHEO: shut up nigga
(26:19 / All) Baskee: its ok
(26:26 / All) Baskee: u have lots of friends
(26:28 / All) Baskee: happy?
(27:06 / All) Baskee: lol hes trying to sound black, but hes prob jus some white nerd playing at home
(27:09 / Allies) CalmLikeABomb: let's kill purple expo
(27:20 / All) Baskee: dkm
(27:23 / All) Baskee: funny guy
(27:36 / All) ROBERT-BARATHEO: yellow started it
(27:37 / All) Baskee: nt rllty
(27:46 / All) Baskee: how did i start
(27:53 / All) Baskee: cuz i hurt ur feelings?
(27:57 / All) Baskee: gonna cryyy lolol
(28:09 / All) ROBERT-BARATHEO: i told u to hit right and u insisted on left
(28:12 / All) ROBERT-BARATHEO: u need to obey ur master
(28:13 / All) Baskee: Lol
(28:25 / All) Baskee: ur probably most popular kid in school too
(28:34 / All) Baskee: right?
(28:51 / All) Baskee: LOL
(28:52 / Allies) CalmLikeABomb: Guys you left me having
(28:53 / All) Baskee: nooobbbb
(28:58 / All) Baskee: weak wyvs
(29:02 / All) Baskee: thts right
(29:07 / All) Baskee: stay quiet pussy
(29:08 / All) Breast.Cancer_: team is weak
(29:20 / Allies) CalmLikeABomb: why'd you leave me having
(29:22 / Allies) CalmLikeABomb: hanging*
(29:24 / All) Baskee: say something
(29:34 / All) ROBERT-BARATHEO: it aint over
(33:17 / All) Baskee: gg
(33:21 / All) Baskee: reds a loser ahhah
(36:28 / All) ROBERT-BARATHEO: calm down green
(36:37 / All) noobirt: SO 2 MAPHACKERS ON YOUR TEAM?
(36:47 / All) ROBERT-BARATHEO: who? yellow maybe
(36:51 / All) noobirt: NO. YOU
(36:53 / Allies) Tormentore: pinkk?
(37:05 / All) ROBERT-BARATHEO: wut proof do u have
(37:14 / All) ROBERT-BARATHEO: how come
(37:20 / All) ROBERT-BARATHEO: when i needed u guys to do something u never did
(37:24 / All) ROBERT-BARATHEO: but now ur putting up a fight
(40:27 / Allies) noobirt: KILL THAT FUCKER
(42:24 / Allies) noobirt: STOP CONTROLLING TEAL
(42:28 / Allies) noobirt: WE'RE GETTING HIM TANKS
(42:35 / Allies) CalmLikeABomb: not me
(42:41 / Allies) CalmLikeABomb: orange stop being a melvin
(42:52 / Allies) Tormentore: Pink is a homo like his color
(42:54 / Allies) Tormentore: that's all
(43:18 / All) noobirt: NICE MAPHACK RED
(44:10 / All) CalmLikeABomb: grab snacks after
(46:58 / Allies) noobirt: AFTER YOUR DONE PINK, FINISH RED?
(47:07 / Allies) CalmLikeABomb: maybe
(48:37 / All) CalmLikeABomb: yellow should lose
(48:42 / All) ROBERT-BARATHEO: ok